 Dungeon Crawl Stone Soup version 0.22-a0-425-g89d60a11d8 (webtiles) character file.

54 AnimeWaifu the Sneak (level 3, -1/14 HPs)
             Began as a Felid Enchanter on May 24, 2018.
             Slain by Natasha (7 damage)
             ... on level 1 of the Dungeon.
             The game lasted 00:04:37 (3015 turns).

AnimeWaifu the Sneak (Felid Enchanter)              Turns: 3015, Time: 00:04:38

Health: -1/14      AC:  1    Str:  4    XL:     3   Next: 66%
Magic:  1/7        EV: 17    Int: 17    God:
Gold:   81         SH:  0    Dex: 16    Spells: 0/6 levels left
                                        Lives:  0   Deaths: 0

rFire    . . .     SeeInvis +     - Unarmed
rCold    + . .     Gourm    .   (shield unavailable)
rNeg     . . .     Faith    .   (armour unavailable)
rPois    .         Spirit   .   (helmet unavailable)
rElec    .         Reflect  .   (cloak unavailable)
rCorr    .         Harm     .   (gloves unavailable)
MR       .....                  (boots unavailable)
Stlth    +++.......             (no amulet)
HPRegen  0.04/turn              i - ring of protection from cold
MPRegen  0.10/turn              (no ring)

@: drained, quick
A: very small, no armour, no weapons or thrown items, stealth, claws 1, fangs 3,
see invisible, carnivore, speed 1, shaggy fur 1, slow metabolism 1, sharp paws
a: no special abilities


You were on level 1 of the Dungeon.
You were very full.

You visited 1 branch of the dungeon, and saw 2 of its levels.

You collected 81 gold pieces.

Inventory:

Jewellery
 i - a ring of protection from cold (left paw)
Wands
 g - a wand of iceblast (9)
Scrolls
 a - a scroll of enchant weapon {unknown}
 c - 3 scrolls of remove curse
 e - a scroll of teleportation {unknown}
Potions
 d - 3 potions of curing
 h - 2 potions of berserk rage
Comestibles
 b - 5 rations


   Skills:
 - Level 2.6(2.3) Dodging
 + Level 5.0(4.6) Stealth
 * Level 3.0(2.6) Unarmed Combat
 - Level 2.0(1.6) Spellcasting
 - Level 4.4(4.0) Hexes


You couldn't memorise any spells.
You knew the following spells:

 Your Spells              Type           Power        Failure   Level  Hunger
a - Corona                Hex            ###....      3%          1    ##.....
b - Ensorcelled Hibernat  Hex/Ice        #.....       13%         2    ###....
c - Confuse               Hex            ###.....     12%         3    ####...

Your spell library contained the following spells:

 Spells                   Type           Power        Failure   Level  Hunger
 Tukima's Dance           Hex            ###.....     12%         3    ####...
 Dazzling Spray           Conj/Hex       #.....       26%         3    ####...


Dungeon Overview and Level Annotations

Branches:
Dungeon (2/15)

Altars:

Annotations:
D:1 Natasha


Innate Abilities, Weirdness & Mutations

You cannot wear armour.
You are incapable of wielding weapons or throwing items.
Your paws allow you to move quietly. (Stealth)
You have sharp claws.
You have razor-sharp teeth.
You have supernaturally acute eyesight. (SInv)
You are carnivorous and can eat meat at any time.
You cover ground quickly.
You are covered in fur. (AC +1)
You have a slow metabolism.
Your sharp claws are effective at attacking unaware monsters.


Message History

The puff of frost hits you! You resist.
You climb upwards.
The shadow imp disappears in a puff of smoke!
The white imp disappears in a puff of smoke!
There is a stone staircase leading down here.
Casting: Confuse (safe; 12% risk of failure)
Confirm with . or Enter, or press ? or * to list all spells.
Aiming: Confuse (safe; 12% risk of failure)
Press: ? - help, Shift-Dir - straight line, f - Natasha
Aim: Natasha (chance to defeat MR: 46%) Natasha appears confused.
You are too injured to fight recklessly!
You barely miss Natasha. You scratch Natasha.
Natasha is moderately wounded.
You barely miss Natasha. You bite Natasha.
Natasha is moderately wounded.
Natasha claws you!
Ouch! That really hurt!
You die...

......(##......#
.....####.....##
.......########
.....###.....##
....###.......#######
....###.......#.....#
....#.'...#...#...#.###
#.....#.......#.#h....#
..#####.......#.@...#.#
..# ###.....##>....#.#
..# #.#######.)......#
..# #..#.#.#..###..#.#
..####..#.#†#..# #....#
.('.......#....# ##.#.#
..#.##..###.#.#####.#.###
..#.##..# #.............#
#.#.##).# ###.#####.###.#


You could see Natasha (confused).

Vanquished Creatures
  An adder (D:2)
  A worm (D:2)
  2 dart slugs
  A leopard gecko (D:1)
  9 bats
  2 giant cockroaches (D:2)
  7 goblins
  2 hobgoblins (D:1)
  A kobold (D:2)
  4 frilled lizards
  8 rats
38 creatures vanquished.

Notes
Turn   | Place    | Note
-------+----------+-------------------------------------------
     0 | D:1      | AnimeWaifu the Felid Enchanter began the quest for the Orb.
     0 | D:1      | Reached XP level 1. HP: 7/7 MP: 4/4
   539 | D:1      | Reached XP level 2. HP: 11/11 MP: 6/6
  1188 | D:1      | Learned a level 2 spell: Ensorcelled Hibernation
  1264 | D:2      | Reached XP level 3. HP: 14/14 MP: 0/7
  2753 | D:2      | Reached skill level 5 in Stealth
  2822 | D:2      | Noticed Natasha
  3005 | D:1      | Learned a level 3 spell: Confuse
  3015 | D:1      | Slain by Natasha

Vault maps used:
D:1:      sevenhm_arrival_forest_fort_large_2, kennysheep_flooded_box,
          hex_intersection, minivault_25
D:2:      first_ration, serial_glass, glass_columns_a, glass_columns_b,
          uniq_natasha

Skill      XL: |  1  2  3 |
---------------+----------+-----
Unarmed Combat | 2 3 |  3.0
Stealth        | 5 |  5.0
Dodging        | |  2.6
Spellcasting   | |  2.0
Hexes          | |  4.4

Action                   || total
-------------------------++-------
Melee: Unarmed           ||    95
       Bite              ||     6
 Cast: Corona            ||     4
       Ensorcelled Hiber ||    20
       Confuse           ||     2
  Use: Scroll            ||     6
 Stab: Sleeping          ||    18
  Eat: Chunk             ||    12
Armor: Skin              ||     9
Dodge: Dodged            ||   106

Table legend:
 A = Spawn XP
 B = Non-spawn XP
 C = Spawn XP percentage of total XP
 D = Spawn monster count
 E = Non-spawn monster count
 F = Spawn count percentage of total count
 G = Total turns spent on level
                    A         B        C        D         E        F      G
               +---------+---------+-------+---------+---------+-------+---------
         Total |       0 |      78 |   0.0 |       0 |      38 |   0.0 |  3015
               +---------+---------+-------+---------+---------+-------+---------
           D:1 |       0 |      31 |   0.0 |       0 |      18 |   0.0 |  2003
           D:2 |       0 |      47 |   0.0 |       0 |      20 |   0.0 |  1012
               +---------+---------+-------+---------+---------+-------+---------
